 Dungeon Crawl Stone Soup version 0.29.1-1-gd02db6906a (webtiles) character file.

Game seed: 11409611841825391829

648606 RogueRain17 the Middleweight Champion (level 27, -23/201 HPs)
             Began as a Demonspawn Gladiator on Sept 20, 2022.
             Was the Champion of Makhleb.
             Killed from afar by an orb of fire (45 damage)
             ... with a fireball
             ... on level 5 of the Realm of Zot.
             The game lasted 05:08:30 (75349 turns).

RogueRain17 the Middleweight Champion (DsGl)       Turns: 75349, Time: 05:08:31

Health: -23/201    AC: 43    Str: 35    XL:     27
Magic:  37/37      EV: 17    Int: 11    God:    Makhleb [******]
Gold:   4659       SH:  5    Dex: 18    Spells: 34/36 levels left

rFire   . . .      SeeInvis .     - Unarmed
rCold   + + +      Faith    .   (no shield)
rNeg    . . .      Spirit   .   W - +5 crystal plate armour {rC+}
rPois   .          Reflect  +   (no helmet)
rElec   .          Harm     .   M - +1 cloak of Okawaru {rF+ rC++ Str+2 Dex+2}
rCorr   +          Rampage  +   (gloves unavailable)
Will    ++++.      Clarity  +   X - +2 pair of boots "Geenoygi" {Rampage rF- Str+7}
Stlth   ..........              F - amulet of reflection
HPRegen 0.43/turn               D - ring of Qead Ginn {Will++ EV+4 Slay+3 Stlth-}
MPRegen 0.25/turn               w - +4 ring of slaying

@: about to teleport, studying Evocations
A: claws 3, yellow scales 3, demonic guardian 3, spiny 3, augmentation 3,
clarity, cold resistance 1, frail 1, wild magic 1
}: 4/15 runes: barnacled, silver, abyssal, gossamer
a: Renounce Religion, Minor Destruction, Lesser Servant of Makhleb, Major
Destruction, Greater Servant of Makhleb


You were on level 5 of the Realm of Zot.
You worshipped Makhleb.
Makhleb was exalted by your worship.
You visited 10 branches of the dungeon, and saw 47 of its levels.
You visited the Abyss 3 times.
You visited 2 bazaars.
You also visited: Ossuary, Bailey, Ice Cave and Wizlab.

You collected 8143 gold pieces.
You spent 3484 gold pieces at shops.

Inventory:

Hand Weapons
 e - the +3 Elemental Staff {rElec rF++ rC++ AC+5}
   (You took it off a wizard on level 1 of the Depths)

   If the wielder is skilled in Evocations, they can discharge powerful blasts
   of elemental energy when striking with it.
   It enhances your fire, ice, earth and air magic.
   AC:        It affects your AC (+5).
   rF:        It greatly protects you from fire.
   rC:        It greatly protects you from cold.
   rElec:     It insulates you from electricity.
Missiles
 I - 6 throwing nets (quivered)
 Q - 7 silver javelins
 U - 5 silver boomerangs
Armour
 l - the +2 helmet "Ujufomiwe" {rPois Dex+4}
   (You acquired it on level 7 of the Dungeon)

   Dex:       It affects your dexterity (+4).
   rPois:     It protects you from poison.
 z - +2 shadow dragon scales
 M - the +1 cloak of Okawaru (worn) {rF+ rC++ Str+2 Dex+2}
   (Okawaru gifted it to you on level 10 of the Dungeon)

   Str:       It affects your strength (+2).
   Dex:       It affects your dexterity (+2).
   rF:        It protects you from fire.
   rC:        It greatly protects you from cold.
 W - a +5 crystal plate armour of cold resistance (worn)
 X - the +2 pair of boots "Geenoygi" (worn) {Rampage rF- Str+7}
   (Okawaru gifted it to you on level 13 of the Dungeon)

   Str:       It affects your strength (+7).
   rF:        It makes you vulnerable to fire.
   Rampage:   It bestows one free step when moving towards enemies.
Jewellery
 s - the ring of Borele {rElec MP+9}
   (You found it on level 8 of the Dungeon)

   [ring of magical power]

   rElec:     It insulates you from electricity.
   MP:        It affects your magic capacity (+9).
 t - the ring of Youthful Indiscretion {rCorr Str+3}
   (You found it on level 5 of the Realm of Zot)

   [ring of resist corrosion]

   Str:       It affects your strength (+3).
   rCorr:     It protects you from acid and corrosion.
 w - a +4 ring of slaying (right claw)
 D - the ring of Qead Ginn (left claw) {Will++ EV+4 Slay+3 Stlth-}
   (You acquired it on level 4 of the Vaults)

   [ring of evasion]

   EV:        It affects your evasion (+4).
   Slay:      It affects your accuracy & damage with ranged weapons and melee
   (+3).
   Will:      It greatly increases your willpower.
   Stlth:     It makes you less stealthy.
 F - an amulet of reflection (around neck)
 G - the amulet of Juateh {Spirit rElec Dex+3}
   (You found it on level 1 of the Vaults)

   [amulet of guardian spirit]

   It causes incoming damage to be divided between your reserves of health and
   magic.
   Dex:       It affects your dexterity (+3).
   rElec:     It insulates you from electricity.
 V - the ring of the Living God {rPois Str-3 Dex+4 SInv}
   (You found it on level 3 of the Shoals)

   [ring of see invisible]

   Str:       It affects your strength (-3).
   Dex:       It affects your dexterity (+4).
   rPois:     It protects you from poison.
   SInv:      It lets you see invisible.
Wands
 f - a wand of flame (7)
 i - a wand of mindburst (5)
 E - a wand of light (32)
 O - a wand of digging (12)
Scrolls
 c - a scroll of summoning
 h - 12 scrolls of fear
 j - 12 scrolls of teleportation
 k - a scroll of enchant armour
 n - 3 scrolls of brand weapon
 u - 5 scrolls of silence
 y - 7 scrolls of magic mapping
 B - 5 scrolls of fog
 J - 5 scrolls of poison
 R - 2 scrolls of blinking
 Y - 8 scrolls of enchant weapon
 Z - 4 scrolls of amnesia
Potions
 a - 11 potions of flight
 b - 7 potions of heal wounds
 d - 2 potions of haste
 g - 4 potions of berserk rage
 m - 8 potions of invisibility
 o - 4 potions of mutation
 p - 2 potions of ambrosia
 q - 9 potions of lignification
 r - 10 potions of brilliance
 v - 14 potions of attraction
 A - 4 potions of magic
 C - 8 potions of might
 L - 9 potions of cancellation
 S - 11 potions of curing
 T - 4 potions of resistance


   Skills:
 - Level 20.0 Fighting
 - Level 3.1 Axes
 - Level 8.2 Throwing
 - Level 21.0 Armour
 - Level 10.0 Dodging
 - Level 10.0 Stealth
 O Level 27 Unarmed Combat
 - Level 5.0 Spellcasting
 * Level 14.3 Transmutations
 - Level 20.0 Invocations


You had 34 spell levels left.
You knew the following spells:

 Your Spells              Type           Power      Damage    Failure   Level
b - Wereblood             Tmut           44%        N/A       1%          2

Your spell library contained the following spells:

 Spells                   Type           Power      Damage    Failure   Level
 Beastly Appendage        Tmut           88%        N/A       1%          1
 Sting                    Tmut/Pois      96%        1d7       12%         1
 Blade Hands              Tmut           22%        N/A       16%         5
 Spider Form              Tmut/Pois      24%        N/A       30%         3
 Ignite Poison            Fire/Tmut/Pois 17%        N/A       61%         3
 Ice Form                 Ice/Tmut       24%        N/A       67%         4
 Petrify                  Tmut/Erth      24%        N/A       67%         4
 Sandblast                Erth           6%         2d5       87%         1
 Blink                    Tloc           6%         N/A       95%         2
 Ensorcelled Hibernation  Hex/Ice        6%         N/A       95%         2
 Poisonous Vapours        Pois/Air       6%         N/A       95%         2
 Static Discharge         Conj/Air       3%         3-4/arc   95%         2
 Sublimation of Blood     Necr           3%         N/A       95%         2
 Irradiate                Conj/Tmut      12%        3d15      95%         5
 Yara's Violent Unravell  Hex/Tmut       12%        3d7       95%         5
 Confusing Touch          Hex            3%         N/A       99%         3
 Conjure Flame            Conj/Fire      3%         6-21      99%         3
 Dazzling Flash           Conj/Hex       6%         N/A       99%         3
 Frozen Ramparts          Ice            6%         1d1       99%         3
 Gell's Gravitas          Tloc           3%         N/A       99%         3
 Inner Flame              Hex/Fire       3%         N/A       99%         3
 Lesser Beckoning         Tloc           3%         N/A       99%         3
 Mephitic Cloud           Conj/Pois/Air  3%         N/A       99%         3
 Ozocubu's Armour         Ice            3%         N/A       99%         3
 Teleport Other           Tloc           3%         N/A       99%         3
 Vampiric Draining        Necr           3%         2d6       99%         3
 Dragon Form              Tmut           22%        N/A       99%         7
 Anguish                  Hex/Necr       1%         N/A       100%        4
 Animate Dead             Necr           3%         N/A       100%        4
 Cause Fear               Hex            1%         N/A       100%        4
 Corpse Rot               Necr/Pois/Air  3%         N/A       100%        4
 Dispel Undead            Necr           3%         3d7       100%        4
 Flame Wave               Conj/Fire      3%         2d5       100%        4
 Fulminant Prism          Conj/Hex       1%         3d6       100%        4
 Iskenderun's Mystic Bla  Conj/Tloc      3%         2d3       100%        4
 Olgreb's Toxic Radiance  Pois           3%         N/A       100%        4
 Sticky Flame             Conj/Fire      3%         2d3       100%        4
 Summon Ice Beast         Ice/Summ       3%         N/A       100%        4
 Summon Lightning Spire   Summ/Air       3%         N/A       100%        4
 Agony                    Necr           3%         N/A       100%        5
 Borgnjor's Vile Clutch   Necr/Erth      1%         N/A       100%        5
 Fireball                 Conj/Fire      1%         3d3       100%        5
 Freezing Cloud           Conj/Ice/Air   1%         6-21      100%        5
 Iskenderun's Battlesphe  Conj           3%         2d6       100%        5
 Lee's Rapid Deconstruct  Erth           1%         3d5*      100%        5
 Lightning Bolt           Conj/Air       1%         1d12      100%        5
 Manifold Assault         Tloc           3%         N/A       100%        5
 Metabolic Englaciation   Hex/Ice        1%         N/A       100%        5
 Silence                  Hex/Air        1%         N/A       100%        5
 Summon Mana Viper        Hex/Summ       3%         N/A       100%        5
 Conjure Ball Lightning   Conj/Air       1%         3x3d6     100%        6
 Death Channel            Necr           1%         N/A       100%        6
 Dispersal                Tloc           1%         N/A       100%        6
 Eringya's Noxious Bog    Tmut/Pois      12%        N/A       100%        6
 Iron Shot                Conj/Erth      1%         9d1       100%        6
 Simulacrum               Ice/Necr       1%         N/A       100%        6
 Enfeeble                 Hex            1%         N/A       100%        7
 Haunt                    Necr/Summ      1%         N/A       100%        7
 Monstrous Menagerie      Summ           1%         N/A       100%        7
 Ozocubu's Refrigeration  Ice            1%         4d7       100%        7
 Spellforged Servitor     Conj/Summ      1%         N/A       100%        7
 Storm Form               Tmut/Air       12%        N/A       100%        7
 Borgnjor's Revivificati  Necr           1%         N/A       100%        8
 Discord                  Hex            1%         N/A       100%        8
 Disjunction              Tloc           1%         N/A       100%        8
 Ignition                 Fire           1%         3d3       100%        8
 Infestation              Necr           1%         N/A       100%        8
 Maxwell's Capacitive Co  Air            1%         ∞         100%        8
 Necromutation            Tmut/Necr      12%        N/A       100%        8
 Death's Door             Necr           1%         N/A       100%        9
 Shatter                  Erth           1%         3d6*      100%        9


Dungeon Overview and Level Annotations

Branches:
Dungeon (15/15)            Temple (1/1) D:7            Lair (5/5) D:10
 Shoals (4/4) Lair:2       Spider (4/4) Lair:2        Slime (0/5) Lair:5
    Orc (2/2) D:9             Elf (2/3) Orc:2        Vaults (5/5) D:13
  Crypt (0/3) Vaults:2     Depths (4/4) D:15            Zot (5/5) Depths:4
Ossuary (visited)          Bailey (visited)           IceCv (visited)
 WizLab (visited)

Altars:
Ashenzari
Cheibriados
Dithmenos
Makhleb
Okawaru
Ru
Trog
Yredelemnul
Jiyva
Lugonu

Shops:
D:4 ?[(   D:9 (   Orc:1 *   Orc:2 !**[   Vaults:3 ?

Portals:
Hell: Depths:1 Depths:2 Depths:3 Depths:4
Abyss: Lair:5 Depths:1 Depths:3 Depths:4
Pandemonium: Depths:2
Ziggurat: Depths:1
Trove: D:11 (give +3 shadow dragon scales)

Annotations:
D:7 exclusion: door
Shoals:1 2 transporters, exclusion: orange crystal statue
Elf:2 3 runed translucent doors
Depths:3 2 transporters, Fetsak's ghost, adept MiBe
Zot:4 3 runed translucent doors, Icycared's ghost, master GrFi


Innate Abilities, Weirdness & Mutations

You have claws for hands.
You are completely covered in yellow scales. (AC +4, rCorr)
A powerful demonic guardian rushes to your aid.
You are completely covered in sharp spines.
Your magical and physical power is greatly enhanced at high health.
You possess an exceptional clarity of mind.
Your flesh is cold resistant. (rC+)
You are frail. (-10% HP)
Your spells are a little harder to cast, but a little more powerful.


Message History

You eviscerate the Orb Guardian!!!
You kill the Orb Guardian!
Makhleb accepts your kill.
You feel better.
An ancient lich comes into view.
The ancient lich shouts!
An electric golem comes into view.
The electric golem hurls lightning at you.
The bolt of lightning hits you!!
The electric golem blinks!
You rampage towards the ancient lich!
An orb of fire comes into view.
You eviscerate the ancient lich!!!
The ancient lich is heavily damaged.
An orb of fire comes into view.
You block the ancient lich's attack.
You eviscerate the ancient lich!!!
You destroy the ancient lich!
Makhleb accepts your kill.
A demon appears!
The orb of fire glows red.
The bolt of fire hits you!
You closely miss the orb of fire.
An orb of fire comes into view.
The orb of fire glows deep purple.
The bolt of fire hits the orb of fire.
The orb of fire completely resists.
The bolt of fire hits you!!!
As you read the scroll of teleportation, it crumbles to dust.
You feel strangely unstable.
You feel the Orb delaying your translocation!
The orb of fire glows yellow.
The bolt of fire hits you!!
The orb of fire emits a lurid red light.
The fireball explodes!
The fireball engulfs the orb of fire.
The orb of fire completely resists.
The fireball engulfs you!!!
* * * LOW HITPOINT WARNING * * *
A demonic guardian appears!
A moth of wrath comes into view.
The orb of fire glows bright magenta.
The fireball explodes!
The fireball engulfs you!!!
You die...

...## #....^..^....^..,,,,,*
...# #................,,,,*
...## #..^.............,,,,*
....# #.^.........)....,,,,*
....## #................,,,,*
.....###................,,,,*
###...###...............,,,**
##....##..............,,**
###.....^..12@*.**...,**
#▓▓▓▓▓▓▓▓▓▓▓##8y...**
****,,,,,,,,,.....,**
***,,,,,,,,,,,,,,,..,^**
**,,,,,,,,,,,,,,,,,,^,,,** **
*,,,,,,,,,,,,,,,,,,,,,,,,*
,***,,,,,,,,,,,,,,,,,,,,,,,,*
,,**,,,,,,,,,,,,,,,,,,,,,,,**
,,,*,,,,,,,,,,,,,,,,,,,,,,**


You could see 3 orbs of fire, a moth of wrath, a friendly Executioner (summoned)
and a friendly blizzard demon (summoned).

Vanquished Creatures
  4 dread liches
  6 ancient liches
  An orb of fire (Zot:5)
  Mara (Spider:4)
  Sojobo (Vaults:2)
  A shard shrike (Depths:1)
  2 Killer Klowns (Zot:4)
  The ghost of handsome the Unseen, a veteran OpWn of Xom (Vaults:4)
  Saint Roka (Depths:2)
  4 caustic shrikes (Depths:3)
  3 curse toes
  10 golden dragons
  Nikola (Shoals:3)
  4 bone dragons
  Arachne (Arena)
  2 doom hounds
  2 Tzitzimimeh (Zot:1)
  3 electric golems
  2 hellephants
  Rupert (Arena)
  2 walking frostbound tomes (Depths:2)
  18 tentacled monstrosities
  A walking crystal tome (Depths:3)
  Grunn (Zot:2)
  13 liches
  The ghost of middlethird the Eclecticist, an adept VSIE of Gozag (Vaults:4)
  2 deep elf blademasters
  9 Orb Guardians (Zot:5)
  7 quicksilver dragons
  5 deep elf master archers
  Asterion (Spider:1)
  16 titans
  A walking divine tome (Depths:2)
  7 sphinxes
  5 tentacled starspawn
  Polyphemus (Shoals:4)
  An acid blob (Spider:3)
  9 death cobs
  12 shadow dragons
  8 tengu reavers
  19 storm dragons
  A revenant (Abyss:2)
  A rockslime (D:14)
  2 draconian monks
  The ghost of Axipewex the Grappler, a journeyman OgTm of Okawaru (D:14)
  14 fire giants
  A nagaraja (WizLab)
  An azure jelly (D:14)
  4 emperor scorpions
  3 deep elf sorcerers
  11 ghost moths
  6 orc warlords
  A daeva (Abyss:2)
  2 draconian knights
  17 vault wardens
  16 frost giants
  5 iron dragons
  5 draconian scorchers
  Aizul (Shoals:3)
  2 spriggan defenders
  19 ironbound preservers
  2 draconian shifters
  3 draconian annihilators
  2 deep elf elementalists
  4 demonspawn corrupters (WizLab)
  A quicksilver ooze (D:14)
  29 stone giants
  2 reapers
  6 draconian stormcallers
  30 very ugly things
  2 broodmothers (Spider:3)
  A caustic shrike skeleton (Abyss:2)
  4 war gargoyles
  4 ironbound thunderhulks
  3 vampire knights
  An eleionoma (shapeshifter) (Depths:2)
  9 green draconians
  8 black draconians
  A deep elf annihilator (Elf:1)
  3 purple draconians
  8 red draconians
  2 putrid mouths (Zot:1)
  Azrael (Spider:1)
  11 yellow draconians
  Nessos (Lair:4)
  10 white draconians
  11 dire elephants
  10 entropy weavers
  3 spark wasps
  3 minotaurs
  5 deep elf death magi
  15 ettins
  14 fire dragons
  6 great orbs of eyes
  39 vault guards
  15 yaktaur captains
  7 rakshasas
  5 merfolk impalers
  4 merfolk javelineers
  7 deep elf high priests
  2 hell beasts (Depths:4)
  Erolcha (D:13)
  5 hydras
  18 ice dragons
  An ice dragon (shapeshifter) (Vaults:5)
  A peacekeeper (Vaults:1)
  4 ogre magi
  7 jorogumos
  4 spriggan air magi
  10 boulder beetles
  10 ironbound frosthearts
  A catoblepas (Shoals:3)
  7 centaur warriors
  A merfolk avatar (Shoals:3)
  A satyr (Shoals:3)
  9 radroaches
  7 merfolk aquamancers
  Erica (D:9)
  3 death knights
  2 naga warriors (Spider:4)
  10 two-headed ogres
  5 dancing weapons
  10 deep troll shamans
  2 alligator snapping turtles
  2 vampire magi
  A death scarab (Spider:4)
  8 deep troll earth magi
  6 thrashing horrors
  12 tengu warriors
  An orc high priest (Orc:2)
  4 spriggan berserkers
  A soul eater (Depths:4)
  A shock serpent (shapeshifter) (D:15)
  4 death yaks
  Sonja (Lair:5)
  5 deep elf knights
  3 hell knights
  A fire crab (D:14)
  4 wretched stars
  2 sun moths (Spider:4)
  6 pharaoh ants
  2 skeletal warriors
  A shadow wraith (Vaults:4)
  16 sea snakes
  A spriggan druid (WizLab)
  52 deep trolls
  4 flayed ghosts (Depths:2)
  7 glowing orange brains
  9 iron trolls
  A naga ritualist (Spider:4)
  8 deep elf archers
  15 orb spiders
  5 steelbarb worms
  A glowing orange brain (shapeshifter) (Vaults:1)
  11 wizards
  2 lindwurms (shapeshifter)
  An orange crystal statue (Vaults:4)
  16 ironbound convokers
  An orc knight (Orc:1)
  4 phantasmal warriors
  6 lindwurms (Vaults:1)
  17 deep elf zephyrmancers
  5 necromancers
  21 harpies
  6 orc sorcerers
  33 ugly things
  An oklob plant (Spider:3)
  9 fauns
  24 deep elf pyromancers
  10 cyclopes
  6 elephants (Lair:5)
  23 moths of wrath
  16 wolf spiders
  A faun (shapeshifter) (Vaults:5)
  7 worldbinders
  3 salamanders (Spider:4)
  14 manticores
  A guardian serpent (WizLab)
  2 black mambas
  A rust devil (Abyss:2)
  5 water nymphs
  26 vault sentinels
  2 ice statues (IceCv)
  An eye of devastation (Abyss:2)
  6 smoke demons
  9 merfolk sirens
  4 gargoyles (D:12)
  3 torpor snails
  11 cane toads
  7 rime drakes
  12 demonic crawlers
  6 freezing wraiths
  A komodo dragon (shapeshifter) (Abyss:3)
  2 kobold demonologists
  5 komodo dragons
  31 yaktaurs
  2 unseen horrors (shapeshifter)
  5 tormentors
  4 tengu conjurers
  8 starcursed masses
  5 ancient zymes
  2 efreet
  5 ice devils (IceCv)
  37 merfolk
  An anaconda simulacrum (IceCv)
  A queen bee (shapeshifter) (Elf:1)
  13 trolls
  2 meliai
  Prince Ribbit (Bailey)
  2 polar bears
  A wolf spider simulacrum (D:14)
  A tyrant leech (shapeshifter) (Vaults:5)
  23 tarantellas
  9 wind drakes
  47 slime creatures
  A slime creature (shapeshifter) (D:14)
  3 merfolk (shapeshifter)
  A meliai (shapeshifter) (D:14)
  9 raiju
  3 hornets
  Grinder (D:3)
  12 dream sheep
  A wind drake (shapeshifter) (Depths:1)
  35 blink frogs
  7 snapping turtles
  A dream sheep (shapeshifter) (Depths:3)
  7 large abominations
  2 centaur simulacra (D:14)
  3 culicivoras (shapeshifter)
  33 jumping spiders
  A jumping spider (shapeshifter) (Depths:2)
  18 culicivoras
  Sigmund (D:2)
  3 shadows
  3 flying skulls (Abyss:3)
  4 ynoxinuls
  2 air elementals (Elf:1)
  2 wraiths
  A vampire (D:14)
  2 wyverns (Abyss:3)
  5 fire elementals
  11 humans
  A yak (shapeshifter) (Elf:2)
  3 spriggans
  2 hogs (shapeshifter)
  4 steam dragons
  20 water elementals
  25 yaks
  4 fire bats (Abyss:3)
  A human (shapeshifter) (Depths:1)
  3 golden eyes (WizLab)
  10 chaos spawn
  4 redbacks (shapeshifter)
  5 basilisks
  2 death yak simulacra (IceCv)
  44 redbacks
  6 wargs
  A harpy simulacrum (IceCv)
  7 acid dragons
  A hydra simulacrum (IceCv)
  18 water moccasins
  A hell hound (Spider:1)
  4 floating eyes
  32 orc warriors
  2 black bears
  An ice beast (D:7)
  7 ogres
  A boggart (WizLab)
  A tengu (shapeshifter) (Vaults:4)
  20 wolves
  12 small abominations
  17 centaurs
  6 elf zombies (Elf:1)
  18 bullfrogs
  3 kobold brigands
  3 necrophages
  2 scorpions (D:5)
  A two-headed ogre simulacrum (IceCv)
  An earth elemental (Elf:1)
  5 wights
  An elephant simulacrum (IceCv)
  17 killer bees
  6 electric eels
  4 howler monkeys
  12 jellies
  2 human zombies (Ossuary)
  A centaur zombie (Ossuary)
  A gnoll bouda (D:4)
  5 hounds
  27 orc priests
  Terence (D:3)
  47 orc wizards
  Natasha (thrice) (D:2)
  3 iguanas
  2 spriggan simulacra (IceCv)
  2 polar bear simulacra (IceCv)
  3 troll simulacra (IceCv)
  A wolf simulacrum (IceCv)
  2 mummies (Ossuary)
  6 gnolls
  5 adders
  4 naga simulacra (IceCv)
  A shadow imp (D:7)
  16 white imps
  2 ufetubi
  2 worms
  A dart slug (D:2)
  108 orcs
  9 ball pythons
  5 endoplasms
  2 giant cockroaches
  3 gnoll zombies (Ossuary)
  5 goblins
  9 hobgoblins
  16 jackals
  16 kobolds
  4 quokkas
  10 bats
  3 frilled lizards
  3 goblin zombies (Ossuary)
  2 hobgoblin zombies (Ossuary)
  3 orc zombies (Ossuary)
  7 rats
2294 creatures vanquished.

Vanquished Creatures (collateral kills)
  An orb of fire (Zot:4)
  A caustic shrike (Depths:3)
  An Orb Guardian (Zot:5)
  A tentacled monstrosity (Zot:3)
  A titan (Vaults:5)
  A draconian monk (Zot:3)
  2 frost giants
  A draconian scorcher (Zot:4)
  An orc warlord (Spider:4)
  A vault warden (Vaults:5)
  A very ugly thing (Depths:4)
  A green draconian (Zot:4)
  2 stone giants
  A purple draconian (Zot:3)
  2 black draconians
  A white draconian (Zot:4)
  A yellow draconian (Zot:3)
  3 red draconians
  A merfolk impaler (Spider:4)
  A yaktaur captain (Vaults:5)
  4 merfolk javelineers
  A deep elf high priest (Vaults:1)
  2 vault guards
  A spriggan air mage (Depths:1)
  A satyr (Shoals:4)
  A deep troll shaman (Depths:2)
  A deep troll earth mage (Depths:2)
  A pharaoh ant (Spider:4)
  A sea snake (Shoals:4)
  A deep troll (Vaults:2)
  A deep elf archer (Elf:2)
  A naga ritualist (Spider:4)
  2 harpies (Shoals:4)
  A deep elf pyromancer (Shoals:4)
  3 manticores (Shoals:4)
  2 fauns (Shoals:4)
  A salamander (Spider:4)
  A large abomination (Elf:1)
  2 merfolk sirens (Shoals:4)
  A troll (Shoals:1)
  8 merfolk
  A dream sheep (Shoals:4)
  5 slime creatures
  A culicivora (Spider:3)
  4 water elementals
  A naga (Spider:4)
  2 wargs (Spider:4)
  An acid dragon (Spider:3)
  5 orc warriors
  An orc wizard (Shoals:1)
  7 orcs
90 creatures vanquished.

Vanquished Creatures (others)
  A frost giant (Depths:3)
  A stone giant (Shoals:1)
  A fire crab (shapeshifter) (Abyss:3)
  A sea snake (Shoals:1)
  A harpy (Shoals:3)
  A worldbinder (WizLab)
  A cyclops (Shoals:2)
  An ancient zyme (Abyss:3)
  A merfolk (Shoals:2)
  A raiju (Abyss:3)
  A human (D:13)
  2 golden eyes (WizLab)
  A warg (Shoals:2)
  2 orc warriors
  2 orc priests
  An orc wizard (Shoals:2)
  A white imp (IceCv)
  9 orcs
  32 fungi
  105 plants
  7 starspawn tentacles
173 creatures vanquished.

Grand Total: 2557 creatures vanquished

Notes
Turn   | Place    | Note
-------+----------+-------------------------------------------
     0 | D:1      | RogueRain17 the Demonspawn Gladiator began the quest for
                  | the Orb.
     0 | D:1      | Reached XP level 1. HP: 16/16 MP: 1/1
   269 | D:1      | Gained mutation: You have sharp fingernails. [demonic
                  | ancestry]
   269 | D:1      | Reached XP level 2. HP: 22/22 MP: 2/2
   634 | D:1      | Reached skill level 1 in Unarmed Combat
   946 | D:2      | Reached XP level 3. HP: 17/27 MP: 3/3
  1073 | D:2      | Reached skill level 2 in Unarmed Combat
  1382 | D:2      | Noticed Natasha
  1393 | D:2      | Killed Natasha
  1394 | D:2      | Reached skill level 3 in Unarmed Combat
  1394 | D:2      | Gained mutation: You are partially covered in yellow
                  | scales. (AC +2) [demonic ancestry]
  1394 | D:2      | Reached XP level 4. HP: 17/33 MP: 4/4
  1437 | D:2      | Noticed Natasha
  1664 | D:2      | Noticed Sigmund
  1966 | D:2      | Killed Natasha
  2075 | D:2      | Noticed Natasha
  2204 | D:2      | Killed Natasha
  2205 | D:2      | Gained mutation: You are partially covered in sharp spines.
                  | [demonic ancestry]
  2205 | D:2      | Reached XP level 5. HP: 30/38 MP: 5/5
  2448 | D:2      | Killed Sigmund
  2449 | D:2      | Reached skill level 5 in Unarmed Combat
  2449 | D:2      | Gained mutation: You have very sharp fingernails. [demonic
                  | ancestry]
  2449 | D:2      | Reached XP level 6. HP: 33/44 MP: 6/6
  2884 | D:3      | Noticed Grinder
  2891 | D:3      | Paralysed by Grinder for 2 turns
  2897 | D:3      | Killed Grinder
  2898 | D:3      | Reached skill level 6 in Unarmed Combat
  2983 | D:3      | Gained mutation: You are mostly covered in yellow scales.
                  | (AC +3) [demonic ancestry]
  2983 | D:3      | Reached XP level 7. HP: 50/50 MP: 7/7
  3066 | D:3      | Noticed Terence
  3074 | D:3      | Killed Terence
  4004 | D:4      | Found Icrinos's Magic Scroll Shoppe.
  4004 | D:4      | Found Extac's Armour Emporium.
  4005 | D:4      | Found Juen Sill's Antique Weapon Shoppe.
  4230 | D:4      | Reached skill level 7 in Unarmed Combat
  4757 | D:4      | Identified the +4 ring mail "Roupnac" {-Tele +Inv rCorr
                  | Stlth+}
  5035 | D:4      | Identified the +1 robe of the Ace of Pentacles {+Blink +Inv
                  | rF- Dex+6}
  5079 | D:4      | Found a bloodstained altar of Trog.
  5360 | D:5      | Entered Level 5 of the Dungeon
  5532 | D:5      | Reached skill level 8 in Unarmed Combat
  5567 | D:5      | Gained mutation: A weak demonic guardian rushes to your
                  | aid. [demonic ancestry]
  5567 | D:5      | Reached XP level 8. HP: 54/56 MP: 8/8
  5666 | D:5      | Found an iron altar of Okawaru.
  5706 | D:5      | Became a worshipper of Warmaster Okawaru
  6285 | D:6      | Found a sand-covered staircase.
  6291 | Ossuary  | Entered an ossuary
  6316 | Ossuary  | Reached skill level 9 in Unarmed Combat
  7724 | D:7      | Reached skill level 10 in Unarmed Combat
  7787 | D:7      | Reached * piety under Okawaru
  7921 | D:7      | Found a sacrificial altar of Ru.
  7946 | D:7      | Identified the +8 dagger of Musmaqon {flame, Fly rPois rC-
                  | Int+2 Dex+8}
  7971 | D:7      | Reached XP level 9. HP: 33/61 MP: 9/9
  8277 | D:7      | Reached skill level 11 in Unarmed Combat
  8614 | D:7      | Found a staircase to the Ecumenical Temple.
  8973 | D:7      | Reached ** piety under Okawaru
  8988 | D:7      | Noticed a cyclops
  9004 | D:7      | Killed a cyclops
  9005 | D:7      | Reached skill level 12 in Unarmed Combat
  9308 | D:7      | Identified a scroll of acquirement
  9348 | D:7      | Acquired the +2 helmet "Ujufomiwe" {rPois Dex+4}
  9957 | D:8      | Reached *** piety under Okawaru
  9965 | D:8      | Identified the ring of Borele {rElec MP+9}
 10159 | D:8      | Found a flagged portal.
 10168 | Bailey   | Entered a bailey
 10291 | Bailey   | Gained mutation: A demonic guardian rushes to your aid.
                  | [demonic ancestry]
 10291 | Bailey   | Reached XP level 10. HP: 67/67 MP: 10/10
 10305 | Bailey   | Reached skill level 13 in Unarmed Combat
 10522 | Bailey   | Reached **** piety under Okawaru
 10555 | Bailey   | Noticed a vault guard
 10555 | Bailey   | Noticed Prince Ribbit
 10567 | Bailey   | Killed a vault guard
 10572 | Bailey   | Killed Prince Ribbit
 10573 | Bailey   | Reached skill level 14 in Unarmed Combat
 10715 | Bailey   | Noticed a vault guard
 10728 | Bailey   | Killed a vault guard
 10729 | Bailey   | Reached skill level 1 in Armour
 11393 | D:8      | Identified the +5 ring mail "Ezxaesey" {+Inv rPois rCorr}
 11405 | D:8      | Reached ***** piety under Okawaru
 11514 | D:8      | Found a shadowy altar of Dithmenos.
 11515 | D:8      | Found a snail-covered altar of Cheibriados.
 11641 | D:9      | Found a broken altar of Ashenzari.
 11641 | D:9      | Found Siopask's Weapon Shop.
 11776 | D:9      | Bought 2 throwing nets for 102 gold pieces
 12371 | D:9      | Noticed Erica
 12377 | D:9      | Killed Erica
 12378 | D:9      | Gained mutation: Your magical and physical power is
                  | slightly enhanced at high health. [demonic ancestry]
 12378 | D:9      | Reached XP level 11. HP: 57/72 MP: 14/14
 12455 | D:9      | Found a staircase to the Orcish Mines.
 12735 | D:10     | Entered Level 10 of the Dungeon
 12947 | D:10     | Identified the +1 cloak of Okawaru {rF+ rC++ Str+2 Dex+2}
                  | (Okawaru gifted it to you on level 10 of the Dungeon)
 12947 | D:10     | Received a gift from Okawaru
 12966 | D:10     | Noticed a two-headed ogre
 12976 | D:10     | Killed a two-headed ogre
 12977 | D:10     | Reached skill level 5 in Invocations
 13217 | D:10     | Found a staircase to the Lair.
 13294 | D:10     | Identified the +0 ring mail of the Sun {rElec rC- rCorr
                  | Str+9}
 13678 | D:10     | Reached skill level 15 in Unarmed Combat
 13970 | D:11     | Found a portal to a secret trove of treasure.
 13984 | D:11     | Reached skill level 5 in Armour
 14346 | D:11     | Noticed a boulder beetle
 14364 | D:11     | Killed a boulder beetle
 14746 | D:12     | Noticed a four-headed hydra
 14798 | D:12     | Killed a four-headed hydra
 14955 | D:12     | Noticed a deep elf pyromancer
 15008 | Lair:1   | Entered Level 1 of the Lair of Beasts
 15026 | Lair:1   | Gained mutation: You have claws for hands. [demonic
                  | ancestry]
 15026 | Lair:1   | Reached XP level 12. HP: 42/78 MP: 15/19
 15267 | Lair:1   | Reached skill level 10 in Invocations
 15643 | Lair:1   | Noticed an eight-headed hydra
 15659 | Lair:1   | Killed a 12-headed hydra
 15933 | Lair:1   | Noticed a boulder beetle
 15942 | Lair:1   | Killed a boulder beetle
 16751 | Lair:2   | Received a gift from Okawaru
 16997 | Lair:2   | Reached skill level 10 in Armour
 17044 | Lair:2   | Found a hole to the Spider Nest.
 17052 | Lair:2   | Reached ****** piety under Okawaru
 17172 | Lair:2   | Noticed a six-headed hydra
 17182 | Lair:2   | Killed an eight-headed hydra
 17183 | Lair:2   | Reached skill level 5 in Fighting
 17781 | Lair:2   | Found a staircase to the Shoals.
 18293 | Lair:3   | Reached XP level 13. HP: 96/96 MP: 20/20
 18858 | Lair:4   | Found a basalt altar of Yredelemnul.
 19155 | Lair:4   | Identified the +3 war axe of Amorality {freeze, Drain Dex+4
                  | SInv}
 19262 | Lair:4   | Noticed Nessos
 19274 | Lair:4   | Killed Nessos
 19812 | Lair:5   | Entered Level 5 of the Lair of Beasts
 19998 | Lair:5   | Noticed Sonja
 20011 | Lair:5   | Noticed Rupert
 20011 | Abyss:2  | Cast into level 2 of the Abyss (Sonja)
 20069 | Abyss:2  | Noticed a starcursed mass
 20072 | Abyss:2  | Noticed a deep elf elementalist
 20089 | Abyss:2  | Killed a deep elf elementalist
 20089 | Abyss:2  | Identified the +3 buckler "Wesihil" {rCorr} (Okawaru gifted
                  | it to you on level 2 of the Abyss)
 20089 | Abyss:2  | Received a gift from Okawaru
 20107 | Abyss:2  | Reached skill level 10 in Fighting
 20207 | Abyss:2  | Reached skill level 5 in Dodging
 20328 | Abyss:2  | Noticed a tentacled starspawn
 20333 | Abyss:2  | Killed a tentacled starspawn
 20428 | Abyss:2  | Noticed a tentacled starspawn
 20440 | Abyss:2  | Killed a tentacled starspawn
 20452 | Lair:5   | Escaped the Abyss
 20960 | Lair:5   | Gained mutation: Your magical and physical power is
                  | enhanced at high health. [demonic ancestry]
 20960 | Lair:5   | Reached XP level 14. HP: 102/110 MP: 21/21
 21048 | Lair:5   | Identified the +7 spear of Eternal Harmony {venom, rN+
                  | rCorr Int+3} (Okawaru gifted it to you on level 5 of the
                  | Lair of Beasts)
 21048 | Lair:5   | Received a gift from Okawaru
 21275 | Lair:5   | Killed Sonja
 21598 | Lair:5   | Found a corrupted altar of Lugonu.
 21598 | Lair:5   | Found a one-way gate to the infinite horrors of the Abyss.
 22165 | Lair:5   | Found a staircase to the Slime Pits.
 22371 | Arena    | Entered the Arena
 22378 | Arena    | Killed Rupert
 22379 | Arena    | Reached skill level 16 in Unarmed Combat
 22876 | D:12     | You fall into a shaft and drop 2 floors!
 22891 | D:14     | Gained mutation: Your magical and physical power is greatly
                  | enhanced at high health. [demonic ancestry]
 22891 | D:14     | Reached XP level 15. HP: 115/115 MP: 22/22
 22892 | D:14     | Reached skill level 17 in Unarmed Combat
 22892 | D:14     | Reached XP level 16. HP: 122/122 MP: 23/23
 22981 | D:14     | Found a flickering gateway to a bazaar.
 22993 | Bazaar   | Entered a bazaar
 23158 | Bazaar   | Found Dyzoonau's Book Shoppe.
 23159 | Bazaar   | Found Veiczoh's Assorted Antiques.
 23202 | Bazaar   | Found Pintogh's Antique Weapon Emporium.
 23202 | Bazaar   | Found Weutsid's Distillery.
 23226 | Bazaar   | Bought a potion of curing for 51 gold pieces
 23226 | Bazaar   | Bought a potion of heal wounds for 85 gold pieces
 23226 | Bazaar   | Bought a potion of heal wounds for 85 gold pieces
 23226 | Bazaar   | Bought a potion of heal wounds for 85 gold pieces
 23226 | Bazaar   | Bought a potion of heal wounds for 85 gold pieces
 23226 | Bazaar   | Bought a potion of degeneration for 17 gold pieces
 23226 | Bazaar   | Bought a potion of curing for 51 gold pieces
 23226 | Bazaar   | Bought a potion of heal wounds for 85 gold pieces
 23247 | Bazaar   | Bought a brightly glowing plate armour for 784 gold pieces
 23247 | Bazaar   | Identified the +0 plate armour of Upnyvv Wisi {Will+} (You
                  | bought it in a shop in a bazaar)
 23319 | D:13     | Noticed Erolcha
 23325 | D:13     | Killed Erolcha
 23394 | D:13     | Received a gift from Okawaru
 23404 | D:13     | Reached skill level 18 in Unarmed Combat
 23438 | D:13     | Found a frozen archway.
 23479 | IceCv    | Entered an ice cave
 23756 | IceCv    | Reached skill level 10 in Dodging
 25068 | D:13     | Identified the +2 pair of boots "Geenoygi" {Rampage rF-
                  | Str+7} (Okawaru gifted it to you on level 13 of the
                  | Dungeon)
 25068 | D:13     | Received a gift from Okawaru
 25156 | D:13     | Found a gate to the Vaults.
 25914 | D:12     | Reached skill level 19 in Unarmed Combat
 26481 | Arena    | Entered the Arena
 26515 | D:14     | Reached XP level 17. HP: 64/128 MP: 11/24
 27040 | D:14     | Identified the +5 great sword of Goggua Pigo {flame, Str+5}
 27041 | Arena    | Entered the Arena
 27432 | D:14     | Reached skill level 20 in Unarmed Combat
 27438 | D:14     | Reached skill level 1 in Stealth
 27556 | D:14     | Found a runed translucent gate.
 27557 | D:14     | Found a runed translucent gate.
 27559 | D:14     | Found a runed translucent gate.
 27560 | D:14     | Noticed Axipewex's ghost (journeyman OgTm)
 27561 | D:14     | Found a viscous altar of Jiyva.
 27953 | D:14     | Killed Axipewex's ghost
 27953 | D:14     | Identified the +0 cloak "Qococvicw" {rElec} (Okawaru gifted
                  | it to you on level 14 of the Dungeon)
 27953 | D:14     | Received a gift from Okawaru
 27954 | D:14     | Reached skill level 5 in Stealth
 28250 | D:14     | Identified the +1 pair of boots "Seixicame" {Str+4}
 28284 | D:15     | Entered Level 15 of the Dungeon
 29091 | D:15     | Found a staircase to the Depths.
 29522 | Orc:1    | Entered Level 1 of the Orcish Mines
 29564 | Orc:2    | Entered Level 2 of the Orcish Mines
 30115 | Orc:1    | Found Ugoenop's Assorted Antiques.
 30120 | Orc:1    | Bought a potion of cancellation for 256 gold pieces
 30199 | Orc:2    | Found a staircase to the Elven Halls.
 30332 | Orc:2    | Found Cuipo's General Store.
 30332 | Orc:2    | Found Jyoss's Distillery.
 30332 | Orc:2    | Found Goemanaw's Assorted Antiques.
 30375 | Orc:2    | Found Lanah's Antique Armour Emporium.
 30498 | Orc:2    | Bought a potion of ambrosia for 88 gold pieces
 30984 | Spider:1 | Entered Level 1 of the Spider Nest
 30984 | Spider:1 | Noticed Azrael
 31024 | Spider:1 | Killed Azrael
 31026 | Spider:1 | Noticed Asterion
 31117 | Spider:1 | Killed Asterion
 32489 | Spider:2 | Identified the +1 scale mail "Nowag" {Will+ Stlth+}
 32737 | Spider:2 | Noticed Arachne
 32739 | Arena    | Entered the Arena
 32742 | Arena    | Killed Arachne
 32759 | Spider:2 | Reached skill level 5 in Throwing
 32906 | Spider:2 | Identified the +0 steam dragon scales "Myas" {Str+4 Int+4}
 32931 | Spider:2 | Gained mutation: You are mostly covered in sharp spines.
                  | [demonic ancestry]
 32931 | Spider:2 | Reached XP level 18. HP: 134/134 MP: 25/25
 33070 | Spider:2 | Received a gift from Okawaru
 34019 | Arena    | Entered the Arena
 34738 | Shoals:1 | Entered Level 1 of the Shoals
 34755 | Shoals:1 | Reached skill level 10 in Stealth
 35249 | Temple   | Entered the Ecumenical Temple
 35366 | Temple   | Fell from the grace of Okawaru
 35366 | Temple   | Became a worshipper of Makhleb the Destroyer
 35507 | Elf:1    | Entered Level 1 of the Elven Halls
 36872 | Elf:1    | Reached * piety under Makhleb
 36881 | Elf:1    | Got the Cyclopedia of Malignant Liturgies
 37466 | Elf:2    | Reached skill level 21 in Unarmed Combat
 38094 | Elf:2    | Found a runed translucent gate.
 38094 | Elf:2    | Found a runed translucent gate.
 38096 | Elf:2    | Found a runed translucent gate.
 38134 | Elf:2    | Identified the +5 great mace "Juhiut" {protect, *Corrode
                  | Dex+4}
 38307 | Elf:2    | Reached ** piety under Makhleb
 39733 | Spider:4 | Entered Level 4 of the Spider Nest
 40746 | Spider:3 | Reached XP level 19. HP: 140/143 MP: 26/26
 40760 | Spider:3 | Reached *** piety under Makhleb
 41260 | Spider:4 | Noticed Mara
 41409 | Spider:4 | Killed Mara
 42416 | Spider:4 | Reached **** piety under Makhleb
 43384 | Spider:4 | Got a gossamer rune of Zot
 44464 | Shoals:1 | Reached XP level 20. HP: 153/153 MP: 28/28
 44710 | Shoals:1 | Found a transporter.
 44776 | Shoals:1 | Found a transporter.
 45475 | Shoals:2 | Found a flickering gateway to a bazaar.
 45487 | Bazaar   | Entered a bazaar
 45577 | Bazaar   | HP: 2/153 [fire giant/fireball[the fury of Okawaru] (28)]
 45590 | Bazaar   | Found Qeloawus's Magic Scroll Shop.
 45590 | Bazaar   | Found Xeuse's Distillery.
 45903 | Bazaar   | Found Zesogaos's Assorted Antiques.
 45917 | Bazaar   | Found Xudev's Magic Scroll Shop.
 45934 | Bazaar   | Bought a scroll of acquirement for 1352 gold pieces
 45934 | Bazaar   | Acquired a manual of Fighting
 46303 | Shoals:2 | Reached ***** piety under Makhleb
 46572 | Shoals:2 | Identified the +6 ring mail of Qisejeg {Int+2}
 47005 | Shoals:3 | Noticed Nikola
 47026 | Shoals:3 | Killed Nikola
 47425 | Shoals:3 | Identified the ring of the Living God {rPois Str-3 Dex+4
                  | SInv}
 47799 | Shoals:3 | Noticed Aizul
 47807 | Shoals:3 | Killed Aizul
 48325 | Shoals:4 | Entered Level 4 of the Shoals
 48422 | Shoals:4 | Noticed Polyphemus
 48601 | Shoals:4 | Gained mutation: You are completely covered in yellow
                  | scales. (AC +4, rCorr) [demonic ancestry]
 48601 | Shoals:4 | Reached XP level 21. HP: 128/166 MP: 31/31
 49157 | Shoals:4 | Reached skill level 15 in Fighting
 49171 | Shoals:4 | Reached skill level 15 in Armour
 49699 | Shoals:4 | Was forgiven by Okawaru
 50153 | Shoals:4 | Got a barnacled rune of Zot
 50229 | Shoals:4 | Killed Polyphemus
 50626 | D:4      | Bought a scroll of magic mapping for 97 gold pieces
 50626 | D:4      | Bought a scroll of poison for 52 gold pieces
 50626 | D:4      | Bought a scroll of blinking for 97 gold pieces
 50920 | Depths:1 | Entered Level 1 of the Depths
 51334 | Depths:1 | Identified the +3 chain mail "Taemem" {Rampage rN+ Will-}
 51440 | Depths:1 | Found a one-way gateway to a ziggurat.
 51515 | Depths:1 | Reached skill level 15 in Invocations
 51744 | Depths:1 | Found a gateway to Hell.
 52524 | Depths:1 | Noticed a shard shrike
 52526 | Depths:1 | Killed a shard shrike
 53149 | Depths:2 | Found a one-way gate leading to the halls of Pandemonium.
 53257 | Depths:2 | Noticed Saint Roka
 53280 | Depths:2 | Killed Saint Roka
 53554 | Depths:2 | Got the Guide on Shadowy Stones
 53679 | Depths:2 | Reached XP level 22. HP: 135/185 MP: 33/33
 53889 | Depths:2 | Reached ****** piety under Makhleb
 53931 | Depths:2 | Paralysed by a floating eye for 2 turns
 54026 | Depths:2 | Noticed a golden dragon
 54031 | Depths:2 | Paralysed by a floating eye for 3 turns
 54040 | Depths:2 | Paralysed by a floating eye for 2 turns
 54044 | Depths:2 | Killed a golden dragon
 54046 | Depths:2 | Paralysed by a floating eye for 2 turns
 54176 | Depths:2 | Paralysed by a floating eye for 4 turns
 54310 | Depths:2 | Identified the +0 ring mail of the Arcane {rElec Dex+4
                  | Stlth+}
 55386 | Depths:3 | Found a transporter.
 55394 | Depths:3 | Found a transporter.
 55411 | Depths:3 | Noticed Fetsak's ghost (adept MiBe)
 55413 | Depths:3 | Noticed a caustic shrike
 55413 | Depths:3 | Noticed a caustic shrike
 55705 | Depths:3 | Noticed a golden dragon
 55710 | Depths:3 | Killed a golden dragon
 55795 | Depths:3 | Identified the +6 sling "Geikisal" {freeze, rElec rCorr
                  | Int-5 Dex+3}
 56040 | Depths:3 | Noticed a caustic shrike
 56044 | Depths:3 | Noticed a caustic shrike
 56046 | Depths:3 | Killed a caustic shrike
 56048 | Depths:3 | Killed a caustic shrike
 56053 | Depths:3 | Noticed a caustic shrike
 56054 | Depths:3 | Noticed a caustic shrike
 56055 | Depths:3 | Noticed a caustic shrike
 56058 | Depths:3 | Killed a caustic shrike
 56061 | Depths:3 | Killed a caustic shrike
 56065 | Depths:3 | Killed a caustic shrike
 56164 | Depths:4 | Entered Level 4 of the Depths
 56394 | Depths:4 | Found a gate to the Realm of Zot.
 56410 | Depths:4 | Reached XP level 23. HP: 151/185 MP: 34/34
 57437 | Depths:4 | Voluntarily entered the Abyss.
 57713 | Depths:4 | Escaped the Abyss
 57776 | Depths:4 | Voluntarily entered the Abyss.
 58009 | Abyss:3  | Noticed a dread lich
 58021 | Abyss:3  | Killed a dread lich
 58042 | Abyss:3  | Noticed an ancient lich
 58062 | Abyss:3  | Killed an ancient lich
 58098 | Abyss:3  | Got an abyssal rune of Zot
 58143 | Depths:4 | Escaped the Abyss
 58390 | Vaults:1 | Entered Level 1 of the Vaults
 58436 | Vaults:1 | Reached skill level 22 in Unarmed Combat
 58451 | Vaults:1 | Found a magical portal.
 58460 | WizLab   | Entered Alistair's Party Mansion
 58516 | WizLab   | Paralysed by a floating eye for 3 turns
 58524 | WizLab   | Paralysed by a floating eye for 3 turns
 58534 | WizLab   | Paralysed by a floating eye for 2 turns
 58981 | WizLab   | Got the Commentary on the Transmuted Assassin
 58989 | WizLab   | Got the Treatise on Remoulded Vitiation
 59378 | Vaults:1 | Acquired a manual of Evocations
 60020 | Vaults:1 | Reached skill level 23 in Unarmed Combat
 60201 | Vaults:1 | Identified the amulet of Juateh {Spirit rElec Dex+3}
 60676 | Vaults:2 | Gained mutation: A powerful demonic guardian rushes to your
                  | aid. [demonic ancestry]
 60676 | Vaults:2 | Reached XP level 24. HP: 185/204 MP: 34/34
 61029 | Vaults:2 | Noticed Sojobo
 61051 | Vaults:2 | Reached skill level 24 in Unarmed Combat
 61058 | Vaults:2 | Killed Sojobo
 61280 | Vaults:2 | Found a staircase to the Crypt.
 62076 | Vaults:3 | Found Taoteff's Magic Scroll Shoppe.
 62458 | Vaults:3 | Reached skill level 25 in Unarmed Combat
 62763 | Vaults:4 | Acquired the ring of Qead Ginn {Will++ EV+4 Slay+3 Stlth-}
 63128 | Vaults:4 | Noticed handsome's ghost (veteran OpWn)
 63132 | Vaults:4 | Noticed middlethird's ghost (adept VSIE)
 63137 | Vaults:4 | Found a transporter.
 63148 | Vaults:4 | Found a transporter.
 64034 | Vaults:4 | Killed middlethird's ghost
 64040 | Vaults:4 | Reached skill level 26 in Unarmed Combat
 64099 | Vaults:4 | Killed handsome's ghost
 64203 | Vaults:5 | Entered Level 5 of the Vaults
 64209 | Vaults:5 | Gained mutation: You are completely covered in sharp
                  | spines. [demonic ancestry]
 64209 | Vaults:5 | Reached XP level 25. HP: 190/210 MP: 26/34
 65058 | Vaults:4 | Reached skill level 27 in Unarmed Combat
 65602 | Vaults:5 | Identified the +7 war axe "Nukhic" {vorpal, rElec Will+
                  | Dex+4 Stlth+}
 65632 | Vaults:5 | Got the Secrets of the Robin
 65897 | Vaults:5 | Identified the +0 plate armour of Kindness {rPois MP+9}
 65922 | Vaults:5 | Identified the +3 pair of gloves "Coklipnewk" {rPois rC+
                  | Slay+2}
 65946 | Vaults:5 | Identified the +0 executioner's axe "Vaamipnu" {vorpal, Fly
                  | Str+3}
 65946 | Vaults:5 | Identified the +4 shortbow of Royalism {freeze, Dex+2}
 66039 | Vaults:5 | Identified the +4 dagger "Betiang" {flame, rPois Will+
                  | SInv}
 66253 | Vaults:5 | Got Gedgheuri's Cyclopedia of Geometric Dark Rituals
 66462 | Vaults:5 | Got a silver rune of Zot
 66745 | Orc:2    | Bought a scroll of enchant armour for 112 gold pieces
 67179 | Vaults:5 | Learned a level 1 spell: Beastly Appendage
 67551 | Zot:1    | Entered Level 1 of the Realm of Zot
 67763 | Zot:1    | Reached skill level 1 in Transmutations
 67774 | Zot:1    | Reached skill level 1 in Spellcasting
 68205 | Zot:1    | Reached XP level 26. HP: 213/218 MP: 35/35
 68642 | Zot:2    | Noticed Grunn
 69237 | Zot:2    | Reached skill level 5 in Transmutations
 70068 | Zot:2    | Killed Grunn
 70384 | Zot:3    | Reached skill level 5 in Spellcasting
 70915 | D:11     | Learned a level 2 spell: Wereblood
 72469 | Zot:4    | Found a runed translucent gate.
 72469 | Zot:4    | Found a runed translucent gate.
 72471 | Zot:4    | Found a runed translucent gate.
 72473 | Zot:4    | Noticed Icycared's ghost (master GrFi)
 72516 | Zot:4    | Reached skill level 10 in Transmutations
 72978 | Zot:5    | Entered Level 5 of the Realm of Zot
 72978 | Zot:5    | Found a huge runed gate.
 72978 | Zot:5    | Found a huge runed gate.
 72978 | Zot:5    | Found a huge runed gate.
 72978 | Zot:5    | Found a huge runed gate.
 72978 | Zot:5    | Found a huge runed gate.
 72978 | Zot:5    | Found a huge runed gate.
 72978 | Zot:5    | Found a huge runed gate.
 72978 | Zot:5    | Found a huge runed gate.
 72978 | Zot:5    | Found a huge runed gate.
 72978 | Zot:5    | Found a huge runed gate.
 72981 | Zot:5    | Found a huge runed gate.
 72981 | Zot:5    | Found a huge runed gate.
 72981 | Zot:5    | Found a huge runed gate.
 72992 | Zot:5    | Found a huge runed gate.
 72993 | Zot:5    | Found a huge runed gate.
 72994 | Zot:5    | Found a huge runed gate.
 72995 | Zot:5    | Found a huge runed gate.
 72996 | Zot:5    | Found a huge runed gate.
 72997 | Zot:5    | Found a huge runed gate.
 73002 | Zot:5    | Noticed a dread lich
 73002 | Zot:5    | Noticed an ancient lich
 73002 | Zot:5    | Noticed a dread lich
 73002 | Zot:5    | Noticed an orb of fire
 73002 | Zot:5    | Noticed a dread lich
 73005 | Zot:5    | Noticed an ancient lich
 73005 | Zot:5    | Noticed an ancient lich
 73007 | Zot:5    | Killed an ancient lich
 73631 | Zot:4    | Killed a dread lich
 73631 | Zot:4    | Gained mutation: You are robust. (+10% HP) [an orb of fire]
 73632 | Zot:4    | Gained mutation: You sometimes lose your temper in combat.
                  | [an orb of fire]
 73636 | Zot:4    | Killed an orb of fire
 73637 | Zot:4    | Lost mutation: You sometimes lose your temper in combat.
                  | [potion of mutation]
 73637 | Zot:4    | Lost mutation: You are robust. (+10% HP) [potion of
                  | mutation]
 73637 | Zot:4    | Gained mutation: You passively dampen the noise of your
                  | surroundings. [potion of mutation]
 73637 | Zot:4    | Gained mutation: Your spells are a little harder to cast,
                  | but a little more powerful. [potion of mutation]
 73637 | Zot:4    | Gained mutation: You have a beak for a mouth. [potion of
                  | mutation]
 73638 | Zot:4    | Lost mutation: Your spells are a little harder to cast, but
                  | a little more powerful. [potion of mutation]
 73638 | Zot:4    | Lost mutation: You passively dampen the noise of your
                  | surroundings. [potion of mutation]
 73638 | Zot:4    | Gained mutation: Your flesh is cold resistant. (rC+)
                  | [potion of mutation]
 73638 | Zot:4    | Gained mutation: Your spells are a little harder to cast,
                  | but a little more powerful. [potion of mutation]
 73639 | Zot:4    | Lost mutation: Your spells are a little harder to cast, but
                  | a little more powerful. [potion of mutation]
 73639 | Zot:4    | Lost mutation: You have a beak for a mouth. [potion of
                  | mutation]
 73639 | Zot:4    | Gained mutation: Your spells are a little harder to cast,
                  | but a little more powerful. [potion of mutation]
 73639 | Zot:4    | Gained mutation: You possess an exceptional clarity of
                  | mind. [potion of mutation]
 73647 | Zot:4    | Killed a dread lich
 73847 | Zot:4    | Killed an ancient lich
 74720 | Zot:4    | Reached XP level 27. HP: 222/224 MP: 37/37
 74728 | Zot:5    | Killed a dread lich
 74739 | Zot:5    | Killed an ancient lich
 75140 | Zot:5    | Identified the ring of Youthful Indiscretion {rCorr Str+3}
 75276 | Zot:5    | Noticed an ancient lich
 75284 | Zot:5    | Noticed a dread lich
 75288 | Zot:5    | Killed an ancient lich
 75296 | Zot:5    | Noticed an orb of fire
 75309 | Zot:5    | Killed an orb of fire
 75325 | Zot:5    | Noticed an orb of fire
 75326 | Zot:5    | Gained mutation: You are frail. (-10% HP) [an orb of fire]
 75340 | Zot:5    | Noticed an ancient lich
 75344 | Zot:5    | Noticed an orb of fire
 75345 | Zot:5    | Noticed an orb of fire
 75346 | Zot:5    | Killed an ancient lich
 75348 | Zot:5    | Noticed an orb of fire
 75349 | Zot:5    | Killed from afar by an orb of fire

Illustrated notes

Levels and vault maps discovered:
D:1:      ncdulo_watergridlock, layout_loops_ring, nicolae_figureground_pulse
D:2:      layout_basic, minmay_misc_feat_enclosed, uniq_sigmund, uniq_natasha
D:3:      layout_loops_ring, chequers_mini_garden, minmay_crystal_water,
          minmay_fractal_squares_gapless_5, uniq_terence, uniq_grinder
D:4:      minmay_door_path, layout_basic, lightli_temple_of_fire,
          nicolae_wooded_promenade, chequers_serial_rivers_micro_c
D:5:      layout_basic, okawaru_metal_pillars_3, dreamdust_wishing_well
D:6:      layout_loops_corners, zin_treasury, nicolae_ossuary_entry_ruins
D:7:      cheibrodos_two_vegetables, layout_basic,
          nicolae_ru_great_annihilating_truth, minmay_temple_entry_antechambers,
          minmay_fractal_squares_5
D:8:      layout_loops_ring, gammafunk_temple_overflow_statue, enter_bailey_2,
          serial_bayou, serial_bayou_lake_a, serial_bayou_ford_a,
          serial_bayou_pond_c, serial_bayou_pond_e
D:9:      layout_roguey, ashenzari_altar_1, serial_shops, shop,
          statue_in_the_mist_lemuel, uniq_erica
D:10:     layout_long_grid, lair_entry_dummy
D:11:     layout_cave_pools, enter_trove_2
D:12:     layout_rooms
D:13:     layout_loops_corners, ximxim_vaults_locker_room,
          portal_ice_cave_entry_imps, uniq_erolcha
D:14:     minmay_the_grid_square_5x5_3x3 [minmay_the_grid_square_5x5_misaligned,
          minmay_the_grid_square_5x5_inset, minmay_the_grid_square_5x5_lines,
          minmay_the_grid_square_5x5_minibox,
          minmay_the_grid_square_5x5_megaprize_crossed,
          minmay_the_grid_square_5x5_c, minmay_the_grid_square_5x5_hollow_slash,
          minmay_the_grid_square_5x5_two, minmay_the_grid_square_5x5_dogpile],
          layout_rooms, infiniplex_staircase_pool_1, serial_shops,
          bzr_entry_islet, gammafunk_ghost_ooze, minmay_shattered_shrine
D:15:     gammafunk_enter_depths_forms, layout_basic, grunt_decor_one_mirror
Temple:   bh_familiar_temple
Lair:1:   layout_chaotic_city
Lair:2:   layout_layer_cave, minmay_shoals_entry_lonely_mermaid,
          spider_nest_entry_rubble, serial_bayou_shore_b,
          infiniplex_staircase_pool
Lair:3:   layout_regular_city, serial_bayou_shore_b, infiniplex_staircase_pool_2
Lair:4:   layout_hall_layers, basic_altar, uniq_nessos
Lair:5:   hellmonk_lair_end_abyssal_woods, layout_regular_city,
          minmay_slime_entry_jelly_boxes, serial_bayou_shore_a, uniq_sonja,
          uniq_rupert
Shoals:1: gammafunk_sealed_arena, layout_shoals, nicolae_shoals_drake_roost
Shoals:2: layout_shoals, serial_shops, bzr_firewalk
Shoals:3: layout_shoals, uniq_aizul, uniq_nikola
Shoals:4: shoals_end_hangedman, layout_shoals, uniq_polyphemus
Spider:1: layout_spider_delve, uniq_asterion, uniq_azrael
Spider:2: layout_spider_delve, nicolae_spider_webbed_stairs, uniq_arachne
Spider:3: nicolae_spider_hall_of_the_moth_king, nicolae_spider_acid_house
Spider:4: johnstein_spider_rune_arachne_lair, uniq_mara
Orc:1:    layout_diamond_mine, serial_shops, nicolae_shop_hallway_plus
Orc:2:    st_orc_mages, layout_caves, basic_altar, nicolae_orc_damp_corner,
          nicolae_orc_bridge_out
Elf:1:    elf_arrival_001, layout_geoelf_octagon, minmay_elf_necromancy,
          nicolae_elf_w_pinch, drop_trap
Elf:2:    elven_hall_of_blades_hangedman_original
          [nicolae_blade_entry_antechamber], layout_gridlike, serial_glass,
          glass_columns_c, glass_columns_a, kennysheep_underground_church
Vaults:1: mu_enter_wizlab_4, dpeg_vaults_hating_casters, vaults_room_semicircle,
          ontoclasm_vaults_idyll, nicolae_vaults_sealed_display,
          layout_vaults_big_room
Vaults:2: nicolae_vaults_network_square, st_check, hangedman_vaults_variations,
          vaults_room_fours, minmay_crypt_entry_simple_corners, v_misc_10,
          v_pattern_1, v_misc_33, nicolae_vaults_shelves_hall,
          vaults_room_semicircle, layout_vaults_ring, uniq_sojobo
Vaults:3: nicolae_vaults_little_squares_6, v_misc_27, nicolae_vaults_network_s,
          dpeg_vaults_monster_box, v_pattern_2, hangedman_vaults_nails,
          ontoclasm_vaults_shuriken, nicolae_vaults_little_squares_3,
          grunt_vaults_twisty, vaults_dpeg_hooks, nicolae_vaults_rhombus_6,
          grunt_vaults_diagonal, layout_vaults_maze, serial_shops,
          nicolae_shop_stone
Vaults:4: nzn_ghost_randoct, v_misc_1, vaults_dpeg_encased_lava,
          vaults_room_ringed_pool, v_misc_3, nicolae_vaults_gold_heap,
          nicolae_vaults_quadrants, grunt_vaults_funnel, hangedman_vaults_trim,
          vaults_room_fours, layout_vaults_omnigrid
Vaults:5: serial_shops
Depths:1: minmay_split_circle, layout_cave_shapes, enter_ziggurat_b, hell_entry,
          abyss_entry, dilly_guarded_unrand_elemental_staff
Depths:2: hangedman_slaughterboxes, pan_entry, hell_entry, uniq_saint_roka
Depths:3: grunt_arcs, layout_basic, hell_entry, abyss_entry,
          gammafunk_ghost_berserking_beasts, infiniplex_staircase_x
Depths:4: grunt_twist_and_shout, layout_long_grid,
          abyss_entry_small_statue_room, grunt_mini_vestibule,
          kennysheep_pointless_box
Zot:1:    layout_cathedral_of_symmetry
Zot:2:    layout_misc_corridors, grunt_megastairs_1, uniq_grunn
Zot:3:    layout_gridlike
Zot:4:    layout_misc_corridors, gammafunk_ghost_tricky_traps
Zot:5:    layout_misc_corridors, door_vault

Skill      XL: |  1  2  3  4  5  6  7  8  9 10 11 12 13 14 15 16 17 18 19 20 21 22 23 24 25 26 27 |
---------------+----------------------------------------------------------------------------------+-----
Axes           | 3 |  3.1
Unarmed Combat | 1 3 5 6 8 10 12 14 15 16 17 19 20 21 23 26 27 | 27.0
Armour         | 3 6 10 12 14 16 19 20 21 | 21.0
Invocations    | 4 9 10 11 13 15 17 20 | 20.0
Fighting       | 7 10 11 12 14 18 20 | 20.0
Dodging        | 7 9 10 | 10.0
Stealth        | 9 10 | 10.0
Throwing       | 5 6 8 |  8.2
Transmutations | 3 12 14 | 14.3
Spellcasting   | 2 5 |  5.0

Action                   |  1- 3 |  4- 6 |  7- 9 | 10-12 | 13-15 | 16-18 | 19-21 | 22-24 | 25-27 || total
-------------------------+-------+-------+-------+-------+-------+-------+-------+-------+-------++-------
Melee: War axe           |    76 |     7 |       |       |       |       |       |       |       ||    83
       Unarmed           |       |   106 |   339 |   457 |   335 |  1215 |  1038 |  1298 |   751 ||  5539
       Punch             |       |     3 |    20 |    49 |    39 |   162 |   189 |   299 |   203 ||   964
Throw: Throwing net      |       |     4 |       |       |       |       |       |       |       ||     4
       Javelin           |       |       |       |       |       |       |     1 |       |       ||     1
 Cast: Wereblood         |       |       |       |       |       |       |       |       |     4 ||     4
Invok: Heroism           |       |       |       |     3 |     1 |       |       |       |       ||     4
       Finesse           |       |       |       |     2 |       |     4 |       |       |       ||     6
       Duel              |       |       |       |       |     1 |     4 |       |       |       ||     5
       Major Destruction |       |       |       |       |       |       |     8 |       |     9 ||    17
       Greater Servant o |       |       |       |       |       |       |     8 |     1 |     2 ||    11
Evoke: Wand              |       |       |     4 |    12 |     3 |     5 |     6 |       |       ||    30
  Use: Potion            |     2 |     1 |     2 |     1 |     2 |    12 |    14 |     2 |     3 ||    39
       Scroll            |       |       |    13 |     1 |    15 |    17 |    15 |     5 |     7 ||    73
 Stab: Sleeping          |       |     1 |     1 |       |       |    16 |       |       |       ||    18
       Held in net/web   |       |     2 |       |       |       |       |       |       |       ||     2
       Invisible         |       |       |     4 |     2 |       |    11 |     6 |       |       ||    23
       Distracted        |       |       |       |       |       |    10 |     5 |       |     4 ||    19
       Confused          |       |       |       |       |       |       |     2 |     1 |       ||     3
Armor: Leather armour    |    34 |    47 |     5 |       |       |       |       |       |       ||    86
       Chain mail        |       |       |   158 |    86 |       |       |       |       |       ||   244
       Ring mail         |       |       |       |   120 |   113 |   336 |       |       |       ||   569
       Crystal plate arm |       |       |       |       |       |    40 |   717 |   620 |   538 ||  1915
Dodge: Dodged            |    73 |    59 |    97 |   215 |   207 |   719 |   470 |   442 |   436 ||  2718
Block: Other             |       |       |       |       |       |       |   121 |   166 |   130 ||   417
       Reflection        |       |       |       |       |       |       |    12 |    15 |     6 ||    33
